 Dungeon Crawl Stone Soup version 0.28-a0-1429-gf3d713df7a (webtiles) character file.

Game seed: 4025740802252471233

55 HallandMoats the Skirmisher (level 3, -2/29 HPs)
             Began as a Demonspawn Fighter on Jan 9, 2022.
             Slain by an ogre (16 damage)
             ... on level 3 of the Dungeon.
             The game lasted 00:02:22 (2705 turns).

HallandMoats the Skirmisher (Demonspawn Fighter)    Turns: 2705, Time: 00:02:23

Health: -2/29      AC:  9    Str: 18    XL:     3   Next: 67%
Magic:  0/3        EV:  9    Int:  9    God:
Gold:   75         SH:  4    Dex: 12    Spells: 2/2 levels left

rFire   . . .      SeeInvis .   n - +1 spear (venom)
rCold   . . .      Faith    .   c - +0 buckler
rNeg    . . .      Spirit   +   o - +3 scale mail
rPois   .          Reflect  .   (no helmet)
rElec   .          Harm     .   (no cloak)
rCorr   .          Rampage  .   (no gloves)
Will    .....                   (no boots)
Stlth   ..........              j - amulet of guardian spirit
HPRegen 0.09/turn               (no ring)
MPRegen 0.08/turn               (no ring)

@: no status effects
A: demonic guardian 2
a: no special abilities


You were on level 3 of the Dungeon.
You visited 1 branch of the dungeon, and saw 3 of its levels.

You collected 75 gold pieces.

Inventory:

Hand Weapons
 a - a +0 war axe
 n - a +1 spear of venom (weapon)
Armour
 c - a +0 buckler (worn)
 o - a +3 scale mail (worn)
Jewellery
 h - an amulet of reflection
 j - an amulet of guardian spirit (around neck)
Scrolls
 f - 2 scrolls of identify {unknown}
 l - 2 scrolls of enchant weapon {unknown}
 m - a scroll of fear {unknown}
Potions
 b - a potion of curing {unknown}
 d - a potion of might
 e - a potion of flight {unknown}
 g - 2 potions of lignification {unknown}
 i - a potion of haste {unknown}
 k - a potion of degeneration {unknown}


   Skills:
 + Level 3.3 Fighting
 + Level 2.1 Axes
 + Level 2.9 Armour
 + Level 1.1 Dodging
 * Level 3.2 Shields
 * Level 0.3 Invocations


You had 2 spell levels left.
You didn't know any spells.
Your spell library contained the following spells:

 Spells                   Type           Power      Damage    Failure   Level
 Magic Dart               Conj           0%         1d3       86%         1
 Searing Ray              Conj           0%         2d4       95%         2
 Fulminant Prism          Conj/Hex       0%         3d6       100%        4


Dungeon Overview and Level Annotations

Branches:
Dungeon (3/15)

Altars:
Kikubaaqudgha

Shops:
D:2 *


Innate Abilities, Weirdness & Mutations

A demonic guardian rushes to your aid.


Message History

The goblin shoots a stone.
The stone hits you.
Found 6 large rocks.
You hit the goblin.
You kill the goblin!
The goblin hits you but does no damage.
There are monsters nearby!
You hit the goblin.
You kill the goblin!
There are monsters nearby!
You barely miss the goblin. The goblin hits you with a +0 dagger.
There are monsters nearby!
You puncture the goblin!
You kill the goblin!
The goblin misses you.
There are monsters nearby!
You hit the goblin.
The goblin is poisoned.
The goblin is moderately wounded.
You kill the goblin!
The goblin shoots a stone.
The stone barely misses you.
You puncture the goblin!
You kill the goblin!
The goblin shoots a stone.
The stone hits you.
You hit the ogre.
The ogre is poisoned.
The ogre is lightly wounded.
The ogre barely misses you.
You barely miss the ogre.
The ogre is moderately wounded.
The ogre hits you with a +0 giant club!
You are too injured to fight recklessly!
You are too injured to fight recklessly!
You are too injured to fight recklessly!
The ogre barely misses you.
You barely miss the ogre.
The ogre is severely wounded.
You block the ogre's attack.
You barely miss the ogre.
The ogre is severely wounded.
The ogre hits you with a +0 giant club!!
Ouch! That really hurt!
You die...

#. #.
##################
#..)..............
#.################
#.# ##### #.#
#..(# #.# #...#
#@# (g. #O# #)###
#g# #.#.###.#
#..gg.gg#
#########


You could see an ogre (poisoned) and 3 goblins.

Vanquished Creatures
  2 adders
  3 endoplasms
  8 goblins
  2 hobgoblins
  3 jackals (D:2)
  5 kobolds
  A quokka (D:1)
  4 ball pythons
  2 bats (D:1)
  2 rats
32 creatures vanquished.

Notes
Turn   | Place    | Note
-------+----------+-------------------------------------------
     0 | D:1      | HallandMoats the Demonspawn Fighter began the quest for the
                  | Orb.
     0 | D:1      | Reached XP level 1. HP: 18/18 MP: 1/1
   260 | D:1      | Gained mutation: A weak demonic guardian rushes to your
                  | aid. [demonic ancestry]
   260 | D:1      | Reached XP level 2. HP: 4/24 MP: 2/2
  1306 | D:2      | Found Agutzat's General Store.
  1985 | D:2      | Reached skill level 1 in Dodging
  1985 | D:2      | Gained mutation: A demonic guardian rushes to your aid.
                  | [demonic ancestry]
  1985 | D:2      | Reached XP level 3. HP: 15/29 MP: 3/3
  2589 | D:3      | Found an ancient bone altar of Kikubaaqudgha.
  2685 | D:3      | Noticed an ogre
  2705 | D:3      | Slain by an ogre

Illustrated notes

Levels and vault maps discovered:
D:1:      onia_arrival_mini_spirals, layout_loops_ring, minmay_split_cup_small
D:2:      layout_basic, serial_shops, shop
D:3:      layout_basic, nicolae_kikubaaqudgha_miasma_corner,
          minmay_ogre_servants, uniq_grinder, uniq_ijyb

Skill      XL: |  1  2 |
---------------+-------+-----
Axes           | 2 |  2.1
Shields        | 3 |  3.2
Dodging        | 1 |  1.1
Fighting       | |  3.3
Armour         | |  2.9
Invocations    | |  0.3

Action                   || total
-------------------------++-------
Melee: War axe           ||    47
       Dagger            ||    38
       Spear             ||    21
Armor: Scale mail        ||    38
Dodge: Dodged            ||    57
Block: Buckler           ||    28

Table legend: (Time is in decaauts)
 A = Elapsed time spent in this place.
 B = Non-inter-level travel time spent in this place.
 C = Inter-level travel time spent in this place.
 D = Time resting spent in this place.
 E = Time spent auto-exploring this place.
 F = Levels seen in this place.
 G = Mean time per level.
                   A        B        C        D        E       F      G
               +--------+--------+--------+--------+--------+-----+--------+
         Total |   2727 |   2679 |     48 |    244 |   2149 |   3 |  909.0 |
       Dungeon |   2727 |   2679 |     48 |    244 |   2149 |   3 |  909.0 |
               +--------+--------+--------+--------+--------+-----+--------+

Top non-repeatable levels by time:
     D:1: 1326 daAuts
     D:2: 1198 daAuts
     D:3: 202 daAuts
